 Dungeon Crawl Stone Soup version 0.26-a0-244-g083ca260ac (webtiles) character file.

Game seed: 14682103328929452610

66 BritishOli the Skirmisher (level 3, 0/29 HPs)
             Began as a Demonspawn Fighter on July 8, 2020.
             Slain by Ijyb (2 damage)
             ... on level 3 of the Dungeon.
             The game lasted 00:00:50 (2038 turns).

BritishOli the Skirmisher (Demonspawn Fighter)      Turns: 2038, Time: 00:00:55

Health: 0/29       AC:  2    Str: 17    XL:     3   Next: 96%
Magic:  3/3        EV:  7    Int:  9    God:
Gold:   118        SH:  9    Dex: 12    Spells: 2/2 levels left

rFire    . . .     SeeInvis .   a - +0 long sword
rCold    . . .     Faith    .   c - +0 kite shield
rNeg     . . .     Spirit   .   b - +0 scale mail
rPois    .         Reflect  .   (no helmet)
rElec    .         Harm     .   (no cloak)
rCorr    .                      (no gloves)
MR       .....                  (no boots)
Stlth    ..........             (no amulet)
HPRegen  0.09/turn              (no ring)
MPRegen  0.08/turn              (no ring)

@: corroded
A: talons 1, demonic guardian 1
a: no special abilities


You were on level 3 of the Dungeon.
You were not hungry.

You visited 1 branch of the dungeon, and saw 3 of its levels.

You collected 118 gold pieces.

Inventory:

Hand Weapons
 a - a +0 long sword (weapon)
Armour
 b - a +0 scale mail (worn)
 c - a +0 kite shield (worn)
Scrolls
 e - 2 scrolls of remove curse {unknown}
 g - a scroll of identify {unknown}
 k - 2 scrolls of teleportation {unknown}
 n - 2 scrolls of fear {unknown}
Potions
 d - a potion of might
 h - a potion of heal wounds {unknown}
 i - a potion of curing {unknown}
 j - a potion of magic {unknown}
 l - 3 potions of mutation {unknown}
 m - a potion of resistance {unknown}
Comestibles
 f - 7 rations


   Skills:
 + Level 3.3 Fighting
 * Level 2.6 Long Blades
 * Level 3.3 Armour
 + Level 3.0 Shields


You had 2 spell levels left.
You didn't know any spells.
Your spell library was empty.

Dungeon Overview and Level Annotations

Branches:
Dungeon (3/15)

Altars:
Trog

Annotations:
D:3 Ijyb


Innate Abilities, Weirdness & Mutations

You have sharp toenails.
A weak demonic guardian rushes to your aid.


Message History

You kill the ball python!
A worm and Ijyb come into view.
Ijyb is carrying a wand of acid (7).
Ijyb shouts!
You hit Ijyb.
Ijyb is lightly wounded.
Ijyb hits you.
There are monsters nearby!
There are monsters nearby!
You closely miss Ijyb.
Ijyb is lightly wounded.
You block Ijyb's attack.
There are monsters nearby!
You hit Ijyb. You claw Ijyb, but do no damage.
Ijyb is moderately wounded.
Ijyb zaps a wand.
The bolt of acid hits you!!
Ouch! That really hurt!
The acid corrodes you!
You are splashed with acid!
* * * LOW HITPOINT WARNING * * *
Ijyb hits you.
You die...

.# .# .# .# .#
w# ########g#
#.....5@.#
######.#...####
......†.._....#
######.....##.##
#.......<.#
########.## ...#
#####


You could see Ijyb, a worm and a friendly iron imp (summoned).

Vanquished Creatures
  2 adders (D:2)
  A leopard gecko (D:2)
  A giant cockroach (D:2)
  8 goblins
  8 hobgoblins
  4 ball pythons
  4 bats
  4 frilled lizards
  6 kobolds
  9 rats
47 creatures vanquished.

Notes
Turn   | Place    | Note
-------+----------+-------------------------------------------
     0 | D:1      | BritishOli the Demonspawn Fighter began the quest for the
                  | Orb.
     0 | D:1      | Reached XP level 1. HP: 18/18 MP: 1/1
   266 | D:1      | Gained mutation: You have sharp toenails. [demonic
                  | ancestry]
   266 | D:1      | Reached XP level 2. HP: 20/24 MP: 2/2
  1119 | D:2      | Gained mutation: A weak demonic guardian rushes to your
                  | aid. [demonic ancestry]
  1119 | D:2      | Reached XP level 3. HP: 24/29 MP: 3/3
  2023 | D:3      | Found a bloodstained altar of Trog.
  2035 | D:3      | Noticed Ijyb
  2038 | D:3      | Slain by Ijyb

Illustrated notes

Levels and vault maps discovered:
D:1:      lightli_arrival_lavapool, layout_basic, minmay_misc_feat_pillars,
          minmay_tetromino_l2
D:2:      layout_loops_cross, serial_rivers, chequers_serial_rivers_large_b,
          chequers_serial_rivers_small_b, chequers_serial_rivers_small_b,
          chequers_serial_rivers_micro_b, chequers_serial_rivers_small_b
D:3:      minmay_inner_zag, layout_basic, nicolae_overflow_crystal_walls,
          bloody_trog, first_ration, uniq_sigmund, uniq_ijyb

Skill      XL: |  1  2  3 |
---------------+----------+-----
Long Blades    | 2 |  2.6
Armour         | 3 |  3.3
Shields        | 3 |  3.0
Fighting       | |  3.3

Action                   || total
-------------------------++-------
Melee: Long sword        ||   120
       Kick              ||    24
  Eat: Ration            ||     1
Armor: Scale mail        ||    61
Dodge: Dodged            ||    34
Block: Kite shield       ||    69
       Rpst.: Long sword ||     7

Table legend:
 A = Non-vault XP
 B = Vault XP
 C = Vault XP percentage of total XP
 D = Non-vault monster count
 E = Vault monster count
 F = Vault count percentage of total count
                 A         B        C        D         E       F
            +---------+---------+-------+---------+---------+-------
      Total |      94 |       1 |   1.1 |      46 |       1 |   2.1
            +---------+---------+-------+---------+---------+-------
        D:1 |      38 |       1 |   2.6 |      25 |       1 |   3.8
        D:2 |      54 |       0 |   0.0 |      20 |       0 |   0.0
        D:3 |       2 |       0 |   0.0 |       1 |       0 |   0.0
            +---------+---------+-------+---------+---------+-------
